Cogmind - Beta 15 @@@ ROGUE MODE // 2025.05.17 @ 07:53:30 Player: Dosh Result: Destroyed by H-77 Assassin with Coil Gun Performance ------------- Evolutions (7) 3500 Regions Visited (27) 5400 Robots Destroyed (384) 1920 Value Destroyed (20660) 20660 Prototype IDs (37) 740 Alien Tech Used (0) 0 Bonus (13465) 13465 TOTAL SCORE: 45685 Bonus ------- High Alert Combat Kills 2222 Follower Combat Kills 4935 Entered Garrisons 1600 Used RIF Installer 5000 Aligned with FarCom 300 Friendly Fire -592 Cogmind --------- Core Integrity 0/1300 Matter 256/300 Energy 100/100 System Corruption 16% Temperature Cool (0) Movement Core (50) Location -3/Research Parts ------- > --- POWER (3) -------- (None) > --- PROPULSION (6) --- (None) > --- UTILITY (10) ----- Relay Coupler [C] (17) Relay Coupler [Sentry] (26) > --- WEAPON (2) ------- (None) > --- INVENTORY (5) ---- Advanced Force Field Relay Coupler [C] (53) Relay Coupler [Proto] (15) Micro-nuke Launcher Advanced Remote Datajack Peak State ------------ > --- POWER ------------ Particle Reactor Light Particle Reactor Micro Antimatter Reactor > --- PROPULSION ------- Heavy Treads Heavy Treads Improved Heavy Treads > --- UTILITY ---------- Advanced Cryofiber Web Advanced Heat Sink Advanced Cooling System Cargo Storage Unit Quantum Capacitor Advanced Remote Force Field Relay Coupler [C] Relay Coupler [Sentry] > --- WEAPON ----------- Nova Cannon Advanced Remote Datajack > --- INVENTORY -------- Antimatter Reactor Particle Reactor Improved Treads Biometal Medium Treads Transmission Jammer Improved Medium Armor Plating Graphene Brace Advanced Force Field Relay Coupler [NC] Relay Coupler [NC] Relay Coupler [C] Relay Coupler [Swarmer] Relay Coupler [Grunt] Relay Coupler [Sentry] Relay Coupler [Proto] Relay Coupler [Proto] Relay Coupler [Proto] Relay Coupler [Proto] Relay Coupler [Proto] Proton Burst Cannon Matter Neutralizer Matter Neutralizer Enhanced Nova Cannon Micro-nuke Launcher Advanced Remote Datajack Field Lobotomy Kit [Rating: 148] Favorites ----------- Power Antimatter Reactor Engine Light Deuterium Engine Power Core Micro Nuclear Core Reactor Antimatter Reactor Propulsion Heavy Treads Treads Heavy Treads Utility Improved Medium Armor Plating Device Improved Cooling System Storage Huge Storage Unit Hackware Hacking Suite Protection Improved Medium Armor Plating Weapon High-powered Shotgun Energy Gun Small Laser Energy Cannon Nova Cannon Ballistic Gun High-powered Shotgun Launcher Improved Grenade Launcher Special Weapon Advanced Remote Datajack Impact Weapon Powered Hammer Slashing Weapon Katana Special Melee Weapon Improved Datajack Build | -11 -10 -10 -10 -9 -8 -8 -8 -8 -7 -7 -7 -7 -6 -6 -6 -6 -5 -5 -5 -5 -5 -5 -4 -4 -4 -4 -3 ------- Run | Yrd Mat Min Exi Min Mat Gar Mat Gar Fac Was Fac Gar Fac Gar Fac Gar Fac Was Fac Gar Fac Gar Fac Was Fac Gar Res Slots Evolved 14 | . . . . . 4 . . . 2 . . . 2 . . . 2 . . . . . 2 . . . 2 Power 2 | . . . . . . . . . . . . . 1 . . . . . . . . . . . . . 1 Propulsion 4 | . . . . . 1 . . . 1 . . . . . . . 1 . . . . . 1 . . . . Utility 8 | . . . . . 3 . . . 1 . . . 1 . . . 1 . . . . . 1 . . . 1 Weapon . | . . . . . . . . . . . . . . . . . . . . . . . . . . . . Parts Attached 231 | 6 6 2 1 . 24 9 6 10 8 5 2 2 8 13 10 22 5 7 6 14 7 15 1 2 16 15 9 Power 27 | 1 1 . . . 2 1 . 1 1 1 . . 2 1 1 3 . 3 . 1 . 1 . . 2 3 2 Engine 6 | 1 1 . . . 2 1 . . 1 . . . . . . . . . . . . . . . . . . Core 3 | . . . . . . . . 1 . . . . . . . 1 . . . . . . . . 1 . . Reactor 18 | . . . . . . . . . . 1 . . 2 1 1 2 . 3 . 1 . 1 . . 1 3 2 Propulsion 49 | 2 2 . . . 5 1 4 5 2 2 . . . 4 1 6 . 2 . 5 . 3 . 1 . 3 1 Treads 49 | 2 2 . . . 5 1 4 5 2 2 . . . 4 1 6 . 2 . 5 . 3 . 1 . 3 1 Leg . | . . . . . . . . . . . . . . . . . . . . . . . . . . . . Wheel . | . . . . . . . . . . . . . . . . . . . . . . . . . . . . Hover . | . . . . . . . . . . . . . . . . . . . . . . . . . . . . Flight . | . . . . . . . . . . . . . . . . . . . . . . . . . . . . Utility 111 | 1 2 . 1 . 6 7 1 2 2 2 . 1 4 5 8 10 4 2 4 8 6 10 1 1 11 7 5 Device 42 | . 1 . . . 2 3 . 1 1 2 . . 1 1 2 3 2 . 4 5 2 3 . . 5 2 2 Storage 5 | 1 1 . 1 . . 1 . . . . . . . . . . . . . 1 . . . . . . . Processor . | . . . . . . . . . . . . . . . . . . . . . . . . . . . . Hackware 39 | . . . . . 1 1 . . 1 . . . 2 3 2 7 1 . . 1 4 5 1 . 3 4 3 Protection 25 | . . . . . 3 2 1 1 . . . 1 1 1 4 . 1 2 . 1 . 2 . 1 3 1 . Artifact . | . . . . . . . . . . . . . . . . . . . . . . . . . . . . Weapon 44 | 2 1 2 . . 11 . 1 2 3 . 2 1 2 3 . 3 1 . 2 . 1 1 . . 3 2 1 Energy Gun 3 | 1 1 . . . 1 . . . . . . . . . . . . . . . . . . . . . . Energy Cannon 17 | . . . . . 1 . . . 2 . 2 1 2 3 . 1 . . 1 . . 1 . . 2 . 1 Ballistic Gun 9 | 1 . 2 . . 6 . . . . . . . . . . . . . . . . . . . . . . Ballistic Cannon . | . . . . . . . . . . . . . . . . . . . . . . . . . . . . Launcher 4 | . . . . . . . 1 1 . . . . . . . 1 . . . . . . . . 1 . . Special Weapon 7 | . . . . . . . . . 1 . . . . . . 1 1 . 1 . 1 . . . . 2 . Impact Weapon 1 | . . . . . 1 . . . . . . . . . . . . . . . . . . . . . . Slashing Weapon 1 | . . . . . 1 . . . . . . . . . . . . . . . . . . . . . . Piercing Weapon . | . . . . . . . . . . . . . . . . . . . . . . . . . . . . Special Melee Weapon 2 | . . . . . 1 . . 1 . . . . . . . . . . . . . . . . . . . Unidentified Prototypes 9 | . . . . . 1 . . . . . 1 . 2 . . . . . . . . 1 . . 4 . . Parts Lost 66 | . 2 1 . . 6 2 . . . . . . . 2 2 13 . . . 5 . 7 . . 1 4 21 Power 14 | . 1 1 . . . 1 . . . . . . . . . 3 . . . . . 1 . . 1 1 5 Propulsion 16 | . . . . . 4 1 . . . . . . . 1 . 2 . . . 1 . 2 . . . 1 4 Utility 26 | . . . . . 1 . . . . . . . . 1 2 6 . . . 3 . 2 . . . 1 10 Weapon 10 | . 1 . . . 1 . . . . . . . . . . 2 . . . 1 . 2 . . . 1 2 Highest Loss Streak 19 | . 1 1 . . 2 1 . . . . . . . 1 1 4 . . . 2 . 3 . . 1 3 19 To Critical Strikes 1 | . . . . . . . . . . . . . . 1 . . . . . . . . . . . . . Average Backups 22 | . 2 7 9 14 16 19 23 22 22 23 22 22 21 22 22 20 22 24 24 25 27 26 27 27 28 28 27 Power 1 | . . . . . . . . 1 1 1 2 2 2 2 1 . . . 1 1 2 1 2 . . 1 1 Propulsion 2 | . . 4 4 4 2 3 4 3 1 1 2 2 2 1 1 2 1 1 1 1 2 1 . 1 2 . 1 Utility 11 | . . 1 1 3 4 6 10 11 12 11 11 11 11 11 12 11 15 16 16 16 19 18 18 18 16 18 17 Weapon 4 | . 1 2 3 5 7 7 6 5 5 5 4 3 4 5 4 3 3 4 3 2 1 2 4 5 7 6 5 Tool/Special . | . . . . . . . . . . . . . . . . . . . . . . . . . . . . Unused Backups 59 | . . . . . 3 1 1 4 . . 1 6 . 3 . 7 . 3 . 2 . . . 2 3 7 16 Power 6 | . . . . . . . . 1 . . . . . 1 . . . . . 1 . . . 1 . 2 . Propulsion 6 | . . . . . . . . 1 . . . . . . . . . 1 . 1 . . . . 1 1 1 Utility 33 | . . . . . . 1 1 2 . . . 6 . 2 . 6 . 2 . . . . . . . 2 11 Weapon 10 | . . . . . 3 . . . . . 1 . . . . . . . . . . . . 1 2 1 2 Tool/Special 4 | . . . . . . . . . . . . . . . . 1 . . . . . . . . . 1 2 Average Slot Usage (%) 86 | . 96 86 85 85 98 97 99 99 99 89 84 80 79 81 86 87 93 72 69 81 82 79 78 69 69 71 70 Engine 2 | . 13 1 . . 8 9 8 2 5 2 . . . . . . . . . . . . . . . . . Reactor 6 | . . . . . . . . . . 4 7 7 12 13 13 11 5 9 11 11 11 11 10 10 7 9 11 Treads 20 | . 28 28 28 28 26 27 27 26 29 20 15 15 13 15 20 19 23 17 17 16 17 17 21 18 15 14 13 Device 14 | . 11 14 14 14 17 16 9 9 14 15 15 15 15 12 13 17 18 11 10 21 12 12 14 6 10 14 16 Storage 7 | . 14 14 14 14 9 9 9 9 7 7 7 7 6 6 6 6 5 5 5 5 5 5 5 5 5 5 3 Hackware 10 | . . . . . 8 10 18 10 9 13 7 7 9 13 12 13 21 6 5 5 15 15 16 13 11 10 12 Protection 6 | . . . . . 8 9 9 15 12 8 15 11 6 6 6 4 . 5 5 5 4 2 . 3 4 5 1 Energy Cannon 6 | . . . . . . . . 1 13 13 15 15 10 12 10 10 5 5 10 10 6 6 5 5 4 4 3 Ballistic Gun 5 | . 8 19 28 28 17 9 16 8 . . . . . . . . . . . . . . . . . . . Special Weapon 1 | . . . . . . . . . . 1 . . 1 . 2 . 4 5 . . 3 3 5 5 5 4 3 Peak Build Rating 148 | 6 10 10 12 13 34 43 38 47 42 69 72 75 87 87 92 94 104 111 111 113 109 113 124 124 129 135 148 Average Rating 72 | 4 7 9 10 12 30 36 37 35 40 56 70 72 83 84 85 82 98 106 110 108 105 108 119 120 124 128 134 On Entrance 69 | . 6 10 9 12 13 34 38 37 35 39 69 71 75 83 87 87 89 96 111 111 109 103 113 117 124 125 133 Naked Turns . | . . . . . . . . . . . . . . . . . . . . . . . . . . . . Heaviest Build 242 | 11 17 13 43 43 62 103 103 115 121 128 128 130 151 147 162 158 145 181 183 225 217 213 204 226 242 222 228 Greatest Support 220 | 40 46 46 46 46 66 66 66 63 83 140 140 140 140 140 130 130 162 175 175 180 173 180 203 220 220 220 215 Greatest Overweight (x) 46 | . . . . . 1 1 1 1 1 1 . . 1 2 1 1 . 1 1 1 2 1 1 1 1 1 46 Average Overweight (x) . | . . . . . . . 1 1 1 . . . . . . . . . 1 . 1 . . . . . . Largest Inventory Capacity 30 | 8 10 10 20 20 20 25 25 25 25 25 25 25 25 25 25 25 25 25 25 30 30 30 30 30 30 30 30 Average Capacity 24 | 7 9 10 17 20 20 20 25 25 25 25 25 25 25 25 25 25 25 25 25 27 30 30 30 30 30 30 29 Most Carried 30 | 2 6 8 13 17 20 23 25 25 24 25 25 25 25 25 25 25 24 25 25 30 30 30 30 30 30 30 30 Average Carried 23 | . 2 7 10 15 17 20 24 22 22 24 24 24 24 24 23 21 22 24 24 26 29 28 28 29 29 28 27 Final Capacity 30 | 8 10 10 20 20 20 25 25 25 25 25 25 25 25 25 25 25 25 25 25 30 30 30 30 30 30 30 5 Final Carried 30 | 2 6 8 13 17 19 23 24 23 24 25 24 25 25 25 19 24 23 25 25 30 30 30 28 29 30 30 5 Class Distribution -------------------- 50% | Botlord-Mutant 28% | Bothacker-Mutant 10% | Scavenger-Mutant 9% | Mutant Dominant Class ---------------- Mutant | -10/Materials Mutant | -10/Mines Mutant | -10/Exiles Mutant | -9/Mines Scavenger-Mutant | -8/Materials Scavenger-Mutant | -8/Garrison Bothacker-Mutant | -8/Materials Bothacker-Mutant | -8/Garrison Bothacker-Mutant | -7/Factory Bothacker-Mutant | -7/Waste Bothacker-Mutant | -7/Factory Botlord-Mutant | -7/Garrison Botlord-Mutant | -6/Factory Botlord-Mutant | -6/Garrison Botlord-Mutant | -6/Factory Botlord-Mutant | -6/Garrison Botlord-Mutant | -5/Factory Botlord-Mutant | -5/Waste Botlord-Mutant | -5/Factory Botlord-Mutant | -5/Garrison Botlord-Mutant | -5/Factory Botlord-Mutant | -5/Garrison Botlord-Mutant | -4/Factory Botlord-Mutant | -4/Waste Botlord-Mutant | -4/Factory Botlord-Mutant | -4/Garrison Botlord-Mutant | -3/Research Resources | -11 -10 -10 -10 -9 -8 -8 -8 -8 -7 -7 -7 -7 -6 -6 -6 -6 -5 -5 -5 -5 -5 -5 -4 -4 -4 -4 -3 ----------- Run | Yrd Mat Min Exi Min Mat Gar Mat Gar Fac Was Fac Gar Fac Gar Fac Gar Fac Was Fac Gar Fac Gar Fac Was Fac Gar Res Matter Collected 8645 | 188 227 22 . 66 1006 401 601 502 110 168 20 106 191 327 383 633 296 178 124 478 425 713 122 79 616 355 308 Remotely . | . . . . . . . . . . . . . . . . . . . . . . . . . . . . Salvage Created 18722 | . 529 42 . 199 1329 972 584 705 372 1777 52 322 287 1213 949 1470 72 1376 927 2229 518 997 . . 903 257 641 Parts 760 | . 29 3 . 14 64 38 37 65 16 28 1 8 7 46 48 66 3 21 37 99 20 24 . . 40 8 38 Haulers Intercepted 5 | . . . . . 1 . 2 . . . 1 . . . 1 . . . . . . . . . . . . Recyclers Shooed 11 | . 2 . . . . . 3 . . . . . 3 . . . . . 2 . 1 . . . . . . Parts Field Recycled . | . . . . . . . . . . . . . . . . . . . . . . . . . . . . Retrieved Matter . | . . . . . . . . . . . . . . . . . . . . . . . . . . . . Parts Self-Destructed . | . . . . . . . . . . . . . . . . . . . . . . . . . . . . Prevented . | . . . . . . . . . . . . . . . . . . . . . . . . . . . . Kills | -11 -10 -10 -10 -9 -8 -8 -8 -8 -7 -7 -7 -7 -6 -6 -6 -6 -5 -5 -5 -5 -5 -5 -4 -4 -4 -4 -3 ------- Run | Yrd Mat Min Exi Min Mat Gar Mat Gar Fac Was Fac Gar Fac Gar Fac Gar Fac Was Fac Gar Fac Gar Fac Was Fac Gar Res Combat Hostiles Destroyed 318 | . 11 3 . 4 28 25 12 32 6 6 . 6 3 26 13 39 2 5 8 32 9 15 . . 17 5 11 Melee 4 | . . . . . . 2 . . . . . . . 1 . . . . . 1 . . . . . . . Guns 90 | . 11 3 . 4 28 23 9 12 . . . . . . . . . . . . . . . . . . . Cannons 147 | . . . . . . . . 9 5 5 . 5 1 13 11 25 1 2 5 19 8 12 . . 11 4 11 AOE 49 | . . . . . . . 3 11 . . . . . 7 1 11 . . 1 10 . . . . 5 . . Classes Destroyed 23 | . 3 1 . 2 5 1 1 1 . 2 . . 1 2 2 . . . . 1 . . . . . . 1 Worker 16 | . . . . 1 . . 2 . 1 . . . 1 . 3 . . . 4 . . . . . 3 . 1 Builder 9 | . . . . . . . . . . . . . . . 2 . . . 5 . . . . . 2 . . Tunneler 2 | . . . . . 1 . 1 . . . . . . . . . . . . . . . . . . . . Hauler 5 | . . . . . 1 . 2 . . . 1 . . . 1 . . . . . . . . . . . . Recycler 8 | . 1 . . . . . 3 . . . . . 1 . . . . . 3 . . . . . . . . Mechanic 4 | . . . . . . . . . . . . . 1 1 . . . . . . . 1 . . 1 . . Operator 1 | . 1 . . . . . . . . . . . . . . . . . . . . . . . . . . Watcher 16 | . . . . . 5 . 4 . 1 . . . . 2 1 . . . . . . 1 . . 2 . . Swarmer 72 | . . 3 . . 3 7 8 18 . . . . . 10 . 8 1 . . 6 1 2 . . 4 . 1 Cutter 10 | . . . . . . . . 2 . . . . . . . 4 . . . 4 . . . . . . . Grunt 104 | . 11 . . 3 14 15 2 2 3 . . 3 . 5 4 10 . . 4 13 4 6 . . 4 1 . Brawler 6 | . . . . . . . 1 1 . . . . . 1 . . . . 1 1 . 1 . . . . . Duelist 8 | . . . . 1 1 . . 1 1 . . . . . 2 . . . . . . . . . 1 1 . Protector 2 | . . . . . . . . . . . . . . . . . . . . 1 . . . . . 1 . Sentry 34 | . . . . . 8 2 1 5 1 . . 2 1 5 . 1 . . 2 4 . . . . 2 . . Demolisher 1 | . . . . . . . . . . . . . . . . . . . . . . . . . . 1 . Specialist 2 | . . . . . . . . . . . . . . 2 . . . . . . . . . . . . . Hunter 18 | . . . . . 2 . . . . . . . . 2 3 7 1 . 1 1 . . . . . . 1 Programmer 44 | . . . . . . 1 . 3 1 . . 1 2 . 2 8 . . . 2 4 5 . . 6 1 8 Heavy 1 | . . . . . . . . . . . . . . . 1 . . . . . . . . . . . . Behemoth 6 | . . . . . . . . . . . . . . 1 1 1 . . . 1 . 2 . . . . . Compactor 11 | . . . . . . . . . . 6 . . . . . . . 5 . . . . . . . . . Striker 1 | . . . . . . . . . . . . . . . . . . . . . . . . . . . 1 Martyr 2 | . . . . . . . . . . 2 . . . . . . . . . . . . . . . . . Infiltrator 1 | . . . . . . . . . . . . . . . 1 . . . . . . . . . . . . Best Kill Streak 12 | . 4 3 . 5 6 7 3 8 4 2 1 2 4 7 5 5 1 2 12 4 2 5 . . 7 1 4 Combat Bots Only 8 | . 3 3 . 4 6 7 3 8 4 2 . 2 1 7 2 5 1 2 2 4 2 5 . . 4 1 3 Max Kills in Single Turn 11 | . 1 1 . 1 2 1 3 4 1 1 1 1 3 2 4 3 1 1 11 4 1 1 . . 3 1 1 Gunslinging . | . . . . . . . . . . . . . . . . . . . . . . . . . . . . Exploded 4 | . . . . . . . 3 4 . . . . . 2 1 3 . . 1 4 . . . . 3 . . Melee 1 | . . . . . . 1 . . . . . . . 1 . . . . . 1 . . . . . . . Uniques/NPCs Destroyed . | . . . . . . . . . . . . . . . . . . . . . . . . . . . . Combat | -11 -10 -10 -10 -9 -8 -8 -8 -8 -7 -7 -7 -7 -6 -6 -6 -6 -5 -5 -5 -5 -5 -5 -4 -4 -4 -4 -3 -------- Run | Yrd Mat Min Exi Min Mat Gar Mat Gar Fac Was Fac Gar Fac Gar Fac Gar Fac Was Fac Gar Fac Gar Fac Was Fac Gar Res Hostile Shots Fired 2250 | . 62 9 . 15 111 86 42 63 60 . 9 119 49 213 128 256 21 . 27 179 50 153 2 . 92 51 453 Missed 603 | . 14 2 . . 20 27 9 18 18 . 2 44 24 66 43 75 4 . 9 41 10 47 . . 31 4 95 Hits 1647 | . 48 7 . 15 91 59 33 45 42 . 7 75 25 147 85 181 17 . 18 138 40 106 2 . 61 47 358 Melee 43 | . . . . 2 2 . . 8 3 . . . . . 8 7 . . . 3 . . . . 5 . 5 Projectile 1604 | . 48 7 . 13 89 59 33 37 39 . 7 75 25 147 77 174 17 . 18 135 40 106 2 . 56 47 353 AOE 12 | . . . . . . . . 1 . . . . . . 3 . . . . . . . . . . 8 . Critical Strikes 63 | . . . . . 6 1 . 5 4 . . 3 . 2 6 7 . . 1 3 . 5 1 . 4 1 14 Actively Blocked 7 | . . . . . . . . . . . . . . . . . . . . . . 1 . . . . 6 Part Disruptions 6 | . . . . . . . . . . . . . . . . 3 . . . . 1 . . . . . 2 Damage Taken 25348 | . 555 51 . 247 1128 597 272 500 644 . 58 737 216 1828 1880 2788 269 . 590 2085 647 2121 86 . 1619 1008 5422 Core 2722 | . 155 25 . 27 71 34 6 76 69 . 6 21 22 83 102 204 . . 89 75 29 64 . . 204 48 1312 Absorbed by Shields 3170 | . . . . . 244 196 48 80 . . . 59 . 10 43 271 103 . . 963 76 370 . . 78 233 396 Reduced by Siege Mode 596 | . . . . . . . . . . . . . . 35 5 32 . . . 64 16 130 . . . 40 274 Ignored by Resistances 220 | . . . . . . . . . . . . . . . 146 35 . . . . . . . . 39 . . Regen/Repaired (Parts) 1232 | . . . . . 73 . 45 . 225 8 40 133 60 . 75 . . . . . 305 63 186 . 19 . . Core Remaining (%) 67 | 100 . . . 17 . . . 66 . . . 86 . . . 51 . . . . . 74 . . . 78 . Volleys Fired 1387 | . 55 5 . 15 86 19 42 49 20 81 3 33 21 83 69 135 28 28 39 111 74 102 9 4 95 94 87 Largest 2 | . 2 2 . 2 2 2 2 2 2 2 2 2 2 2 2 2 1 1 2 2 2 2 1 1 1 1 1 Hottest 226 | . 80 80 . 40 120 50 50 120 160 160 160 128 188 196 196 211 120 113 226 226 226 226 105 10 105 113 113 Shots Fired 2173 | . 108 10 . 31 172 130 85 67 39 155 7 66 29 150 101 198 29 31 49 202 89 134 9 4 97 95 86 Gun 573 | . 108 10 . 31 171 130 84 39 . . . . . . . . . . . . . . . . . . . Cannon 1322 | . . . . . 1 . . 24 38 148 7 66 16 141 73 173 9 23 42 187 61 102 3 . 65 77 66 Launcher 24 | . . . . . . . 1 4 . . . . . 4 . 9 . . . 5 . . . . 1 . . Special 254 | . . . . . . . . . 1 7 . . 13 5 28 16 20 8 7 10 28 32 6 4 31 18 20 Kinetic 401 | . 42 . . 31 170 37 84 37 . . . . . . . . . . . . . . . . . . . Thermal 1492 | . 66 10 . . 2 93 . 26 38 148 7 66 16 141 73 173 9 23 42 187 61 102 3 . 65 77 64 Explosive 24 | . . . . . . . 1 4 . . . . . 4 . 9 . . . 5 . . . . 1 . . Electromagnetic 2 | . . . . . . . . . . . . . . . . . . . . . . . . . . . 2 Robot Hit Streak 29 | . 11 7 . 9 10 20 6 5 9 18 6 12 6 16 7 20 29 5 9 29 12 15 18 22 24 9 14 Robot Miss Streak 8 | . 6 1 . 1 8 4 6 3 2 2 1 4 2 3 3 5 1 2 2 2 4 3 . . 4 2 3 Penetration Max . | . . . . . . . . . . . . . . . . . . . . . . . . . . . . Secondary Targets 5 | . . . . 2 2 . . 1 . . . . . . . . . . . . . . . . . . . Max Gunslinging Chain 1 | . . . . 1 1 . . 1 . . . . . . . . . . . . . . . . . . . Capacitor 201 | . . . . . . . . . . . . . . . . . . . . . . . 3 . 55 77 66 Autonomous 97 | . . . . . 1 93 . 3 . . . . . . . . . . . . . . . . . . . Shots Hit Robots 1404 | . 69 9 . 24 125 104 58 30 28 130 6 37 20 74 66 103 22 21 24 135 59 87 6 4 52 44 67 Core Hits 577 | . 26 3 . 12 81 36 35 35 13 22 1 10 6 40 29 49 2 4 22 70 11 18 . . 23 13 16 Critical Kills 20 | . . . . . . . . . 1 1 . . 1 3 1 1 . 3 1 2 . 4 . . 1 1 . Critical Parts Destroyed 1 | . . . . . . . 1 . . . . . . . . . . . . . . . . . . . . Critical Strikes 21 | . . . . . . . 1 . 1 1 . . 1 3 1 1 . 3 1 2 . 4 . . 1 1 . Meltdown 20 | . . . . . . . . . 1 1 . . 1 3 1 1 . 3 1 2 . 4 . . 1 1 . Destroy 1 | . . . . . . . 1 . . . . . . . . . . . . . . . . . . . . Melee Attacks 116 | . . . . . 6 15 8 84 1 2 . . . . . . . . . . . . . . . . . Impact 2 | . . . . . 2 . . . . . . . . . . . . . . . . . . . . . . Slashing 113 | . . . . . 4 15 8 84 . 2 . . . . . . . . . . . . . . . . . Piercing . | . . . . . . . . . . . . . . . . . . . . . . . . . . . . Sneak Attacks 4 | . . . . . . 1 . . 1 2 . . . . . . . . . . . . . . . . . Combat Hostiles . | . . . . . . . . . . . . . . . . . . . . . . . . . . . . Follow-up Attacks . | . . . . . . . . . . . . . . . . . . . . . . . . . . . . Damage Inflicted 47021 | . 833 102 . 231 2457 2765 1295 2136 781 3438 150 1152 861 2820 2789 5390 313 741 2195 6128 1612 2646 5 . 2537 1178 2466 Guns 7706 | . 821 102 . 202 2398 2680 1060 443 . . . . . . . . . . . . . . . . . . . Cannons 31247 | . . . . . 33 . . 912 725 3314 150 1135 377 2416 1860 3971 280 741 1120 5097 1556 2646 . . 1294 1178 2442 Explosions 7263 | . . . . . . . 201 781 . . . . 460 400 868 1411 . . 1039 1020 . . . . 1083 . . Melee 189 | . . . . . . 65 . . . 124 . . . . . . . . . . . . . . . . . Ramming 616 | . 12 . . 29 26 20 34 . 56 . . 17 24 4 61 8 33 . 36 11 56 . 5 . 160 . 24 Kinetic 4831 | . 362 . . 202 2366 398 1060 443 . . . . . . . . . . . . . . . . . . . Thermal 36653 | . 459 102 . . 65 2282 . 912 725 3314 150 1135 837 2416 2559 3971 280 741 2159 5097 1556 2646 . . 1659 1178 2410 Explosive 4700 | . . . . . . . 201 781 . . . . . 400 169 1411 . . . 1020 . . . . 718 . . Electromagnetic 32 | . . . . . . . . . . . . . . . . . . . . . . . . . . . 32 Impact . | . . . . . . . . . . . . . . . . . . . . . . . . . . . . Slashing 189 | . . . . . . 65 . . . 124 . . . . . . . . . . . . . . . . . Piercing . | . . . . . . . . . . . . . . . . . . . . . . . . . . . . Highest Corruption 16 | . 1 1 1 1 . 1 1 1 . . 3 5 . . 2 5 1 10 10 1 3 10 . 7 7 5 16 Average Corruption 3 | . 1 1 1 1 . 1 1 1 . . 2 4 . . 1 3 1 9 6 1 1 8 . 7 2 4 13 Corruption Purged 20 | . . . . . . . . . . . . . . . . . . . 10 . 3 . . . 7 . . Corruption Blocked . | . . . . . . . . . . . . . . . . . . . . . . . . . . . . Effects 352 | . 4 . 2 7 . 10 28 20 . . 16 27 . . 12 53 2 18 6 2 6 56 . 10 16 43 14 Message Errors 95 | . 1 . 1 2 . . 8 9 . . 5 4 . . 5 19 . 4 2 . 2 17 . 1 3 9 3 Matter Fused 92 | . 2 . . 1 . 6 11 6 . . 4 7 . . 3 18 1 3 . . 1 14 . 2 5 6 2 Heat Flow Errors 35 | . . . . . . 2 1 2 . . 2 5 . . 2 3 . 1 . . 1 2 . 2 1 7 4 Energy Discharges 39 | . 1 . . 1 . . 1 . . . 3 1 . . 1 2 . 4 1 1 . 11 . 2 3 6 1 Parts Rejected 1 | . . . . . . . . . . . . . . . . . . 1 . . . . . . . . . Parts Fused 3 | . . . . . . . . . . . . 2 . . . . . . . . . 1 . . . . . Data Loss (minor) 39 | . . . 1 2 . . 3 2 . . 1 1 . . 1 4 . 1 3 . 1 4 . 3 2 8 2 Data Loss (major) 15 | . . . . . . . 1 1 . . . 5 . . . 3 . . . . . 1 . . . 3 1 Misfires 17 | . . . . 1 . 1 2 . . . 1 1 . . . 2 1 3 . 1 . . . . 2 2 . Alerts 10 | . . . . . . 1 1 . . . . . . . . 2 . 1 . . 1 3 . . . 1 . Weapon Failures 6 | . . . . . . . . . . . . 1 . . . . . . . . . 3 . . . 1 1 Overload Shots . | . . . . . . . . . . . . . . . . . . . . . . . . . . . . Overflow Damage 1893 | . . . . . . 30 . 43 3 . . . 81 61 268 338 . . 265 118 154 103 . . 262 . 167 Projectiles 1024 | . . . . . . . . 22 3 . . . . 36 70 334 . . 24 72 154 103 . . 39 . 167 Explosions 781 | . . . . . . . . 21 . . . . 81 25 198 4 . . 235 46 . . . . 171 . . Melee 88 | . . . . . . 30 . . . . . . . . . . . . 6 . . . . . 52 . . Knockbacks 3 | . . . . . . . . . . . . . 1 . . . . . 1 . 1 . . . . . . Impact 3 | . . . . . . . . . . . . . 1 . . . . . 1 . 1 . . . . . . Kinetic . | . . . . . . . . . . . . . . . . . . . . . . . . . . . . Secondary . | . . . . . . . . . . . . . . . . . . . . . . . . . . . . Self-Inflicted Damage 806 | . . . . . . . . . . . . . . . . 101 . . 225 122 . . . . 358 . . Shots 13 | . . . . . . . . . . . . . . . . 3 . . 4 2 . . . . 4 . . Rammed 41 | 1 3 . . 1 6 . 4 . 4 . . 1 3 . 3 1 3 . 1 1 3 . 1 . 3 . 2 Targets Rammed 49 | 1 4 . . 2 6 2 5 . 4 . . 1 3 1 3 1 3 . 1 2 3 . 1 . 4 . 2 Kicked . | . . . . . . . . . . . . . . . . . . . . . . . . . . . . Crushed 8 | . 1 . . 1 . 2 1 . . . . . . 1 . . . . . 1 . . . . 1 . . Highest Temperature 464 | . 126 35 . 4 339 142 241 352 72 . 185 252 126 336 340 195 210 103 237 464 309 234 102 253 336 368 392 Average Temperature 96 | . 34 25 . 2 91 44 111 151 36 . 108 94 58 84 181 58 98 58 91 179 97 51 46 112 73 122 195 Received Heat Transfer 5036 | . 303 . . 99 525 243 30 81 288 . 18 316 54 450 331 489 24 . 117 503 67 255 30 . 177 80 556 Effects 8 | . . . . . . . . 1 . . . . . 3 . . . . . . . . . . 1 . 3 Shutdowns 1 | . . . . . . . . . . . . . . . . . . . . . . . . . . . 1 Energy Bleed 3 | . . . . . . . . 1 . . . . . 1 . . . . . . . . . . 1 . . Interference 4 | . . . . . . . . . . . . . . 2 . . . . . . . . . . . . 2 Siege Activations 19 | . . . . . . . . . . . . . . 3 2 2 . . . 4 1 2 . . . 2 3 Total Turns 390 | . . . . . . . . . . . . . . 44 15 49 . . . 107 28 90 . . . 16 41 Longest Duration 62 | . . . . . . . . . . . . . . 28 12 37 . . . 52 28 62 . . . 14 17 Martial Activations . | . . . . . . . . . . . . . . . . . . . . . . . . . . . . Shielding Activations . | . . . . . . . . . . . . . . . . . . . . . . . . . . . . Robots Disrupted . | . . . . . . . . . . . . . . . . . . . . . . . . . . . . Combat Hostiles . | . . . . . . . . . . . . . . . . . . . . . . . . . . . . Robots Corrupted 3 | . . . . . . . . . . . . . . . . . . . 1 . . . . . 2 . . Combat Hostiles . | . . . . . . . . . . . . . . . . . . . . . . . . . . . . Parts Fried 2 | . . . . . . . . . . . . . . . . . . . 1 . . . . . 1 . . Impact Corruptions 3 | . . . . . . . . . . . . . . . . . . . 1 . . . . . 2 . . Robots Melted 29 | . . . . . . . . . 1 1 . 1 2 5 1 3 1 3 2 2 1 4 . . 1 1 . Combat Hostiles 28 | . . . . . . . . . 1 1 . 1 2 5 1 3 1 3 2 2 1 3 . . 1 1 . Parts Melted 126 | . . . . . . 1 . 5 5 3 . 6 5 17 9 17 2 7 7 11 1 8 . . 8 7 7 Heat Transferred 45227 | . 1050 225 . . 117 2830 . 1920 1350 6500 287 1495 887 3700 3200 5447 640 703 2412 4625 1332 2368 . . 1352 884 1903 Parts Sabotaged . | . . . . . . . . . . . . . . . . . . . . . . . . . . . . Parts Stolen . | . . . . . . . . . . . . . . . . . . . . . . . . . . . . Parts Stripped . | . . . . . . . . . . . . . . . . . . . . . . . . . . . . Power Chain Reactions . | . . . . . . . . . . . . . . . . . . . . . . . . . . . . Alert | -11 -10 -10 -10 -9 -8 -8 -8 -8 -7 -7 -7 -7 -6 -6 -6 -6 -5 -5 -5 -5 -5 -5 -4 -4 -4 -4 -3 ------- Run | Yrd Mat Min Exi Min Mat Gar Mat Gar Fac Was Fac Gar Fac Gar Fac Gar Fac Was Fac Gar Fac Gar Fac Was Fac Gar Res Maximum Alert Level 5 | . . . . . 1 3 2 4 3 . 1 3 2 4 3 5 3 1 2 4 3 4 2 . 1 2 1 Low Security (%) 44 | 100 100 100 . 100 59 14 81 13 . 100 46 15 7 1 5 10 . 79 96 12 66 21 . 100 92 7 97 Level 1 16 | . . . . . 40 5 17 3 . . 53 11 73 5 15 11 . 20 . 6 . 35 . . 7 39 2 Level 2 17 | . . . . . . 43 1 24 61 . . 12 19 36 70 22 . . 3 24 12 11 100 . . 53 . Level 3 16 | . . . . . . 35 . 27 38 . . 60 . 49 9 23 100 . . 43 21 31 . . . . . Level 4 4 | . . . . . . . . 30 . . . . . 7 . 29 . . . 12 . . . . . . . Level 5 . | . . . . . . . . . . . . . . . . 3 . . . . . . . . . . . High Security . | . . . . . . . . . . . . . . . . . . . . . . . . . . . . Max Security . | . . . . . . . . . . . . . . . . . . . . . . . . . . . . Peak Influence 1684 | . 91 60 . 95 265 1004 494 1404 807 189 335 998 523 1189 758 1684 884 256 420 1509 791 1133 594 178 256 650 365 Initial 884 | . . . . . . 32 489 72 737 189 . 140 523 165 623 147 884 256 . 28 791 49 594 178 18 167 365 Average 376 | . 27 31 . 10 115 582 120 808 671 19 200 663 301 741 511 842 794 120 28 725 276 483 521 103 114 402 68 Influence Increases 17240 | . 312 70 . 105 913 1012 796 1362 223 . 604 998 249 1114 853 1827 78 4 618 1591 401 1274 150 8 1486 723 469 Destroy 0b10 Robot/C 7660 | . 220 60 . 80 560 520 420 700 120 . 260 520 60 520 400 780 40 . 160 680 180 480 40 . 420 120 320 Destroy 0b10 Robot/NC 370 | . 10 . . 5 40 5 70 . 10 . 5 . 15 10 35 . . . 60 30 . 5 . . 50 5 15 Destroy Leader 1148 | . 40 10 . 20 132 20 134 40 32 . 52 40 30 40 124 70 20 . 50 40 30 50 20 . 84 10 60 Allied During Kill 915 | . . . . . . 2 25 9 . . 286 211 2 2 58 28 3 . . 2 9 83 53 . 77 26 39 Trap Triggered on 0b10 30 | . . . . . 30 . . . . . . . . . . . . . . . . . . . . . . Successful Hack 294 | . 11 . . . 18 20 66 14 . . . 12 . 12 36 . . . 19 32 12 14 . . 28 . . Select Force Hacks 60 | . 30 . . . . . . . . . . . . . . . . . . . 30 . . . . . . Disable Machine 945 | . . . . . 45 . 45 . 60 . . . 120 . 150 15 15 . 150 45 45 . . . 210 30 15 Anti-Garrison Action 3650 | . . . . . . 300 . 500 . . . 150 . 400 . 700 . . . 500 . 550 . . 150 400 . Destroy Structure 1553 | . 1 . . . 13 55 21 84 1 . 1 20 22 100 35 189 . 4 134 202 80 77 22 8 332 132 20 Partial Spotted 30 | . . . . . . . . . . . . . . 15 . . . . . . . . . . 15 . . Lose Combat Pursuer 585 | . . . . . 75 90 15 15 . . . 45 . 15 15 45 . . 45 60 15 15 15 . 120 . . Influence Decreases 17240 | . 312 70 . 105 863 58 1689 69 1085 542 404 200 1011 161 1832 353 1030 736 578 122 1839 212 773 492 1273 312 1119 Entered New Map 6091 | . . . . . . 18 515 39 667 353 . 60 475 71 566 63 800 476 . 12 718 22 539 332 8 72 285 Time Decay 6011 | . 292 60 . 105 580 . 684 . 398 189 344 . 506 . 506 . 150 260 203 . 449 . 214 160 585 . 326 Lost Part 533 | . 20 10 . . 40 20 . . . . . . . 20 20 130 . . . 50 . 70 . . 10 40 103 Lost Ally 1725 | . . . . . 10 20 40 30 20 . 60 140 30 70 90 160 80 . . 60 75 120 20 . 370 200 130 Purge Threat 2880 | . . . . . 233 . 450 . . . . . . . 650 . . . 375 . 597 . . . 300 . 275 Squads Dispatched 54 | . 5 . . . 4 . 5 . 2 . 2 . 2 . 9 . 3 . 2 . 4 . 2 . 12 . 2 Investigation 11 | . 4 . . . 1 . 1 . . . . . . . 2 . . . 1 . 2 . . . . . . Extermination 10 | . . . . . . . . . 1 . 1 . 1 . 1 . . . 1 . 1 . . . 3 . 1 Reinforcement 16 | . 1 . . . . . . . . . 1 . 1 . 5 . 3 . . . 1 . . . 3 . 1 Assault 4 | . . . . . . . . . 1 . . . . . 1 . . . . . . . . . 2 . . Garrison 13 | . . . . . 3 . 4 . . . . . . . . . . . . . . . 2 . 4 . . Intercept . | . . . . . . . . . . . . . . . . . . . . . . . . . . . . Searches Triggered . | . . . . . . . . . . . . . . . . . . . . . . . . . . . . Construction Impeded 3 | . . . . . . . . . . . . . . . 2 . 1 . . . . . . . . . . Haulers Reinforced 3 | . . . . . . . . . . . 1 . 1 . 1 . . . . . . . . . . . . Active Scanning Responses . | . . . . . . . . . . . . . . . . . . . . . . . . . . . . Cargo Convoy Interrupts 3 | . . . . . . . . . . . . . . . . . . . 1 . . . . . 1 . 1 Alert ID Control Effect 59 | . . . . . . . . . . . . . . . 4 3 5 . . . 3 3 8 . 14 15 4 Stealth | -11 -10 -10 -10 -9 -8 -8 -8 -8 -7 -7 -7 -7 -6 -6 -6 -6 -5 -5 -5 -5 -5 -5 -4 -4 -4 -4 -3 --------- Run | Yrd Mat Min Exi Min Mat Gar Mat Gar Fac Was Fac Gar Fac Gar Fac Gar Fac Was Fac Gar Fac Gar Fac Was Fac Gar Res Distress Signals 19 | . 1 . . 2 . . 1 . . . . . 1 . 5 . . . . . 1 . . . 3 . 5 Communications Jammed 99 | . . . . . . . 3 . . . . . 1 18 33 . . . . . . . . . 6 1 37 Distress Signals 95 | . . . . . . . 3 . . . . . 1 18 30 . . . . . . . . . 6 1 36 Times Spotted 640 | . 21 2 . 4 46 32 38 26 9 6 6 20 10 32 46 50 14 4 13 38 29 44 9 4 64 26 47 Peak Tracking Total 11 | . 4 2 . 4 4 5 7 7 4 2 1 5 1 8 6 4 6 2 3 7 4 5 6 1 7 4 11 Tactical Retreats 28 | . . . . . 3 2 1 1 . . . 2 . 1 1 2 . . 2 4 1 1 1 . 6 . . Traps | -11 -10 -10 -10 -9 -8 -8 -8 -8 -7 -7 -7 -7 -6 -6 -6 -6 -5 -5 -5 -5 -5 -5 -4 -4 -4 -4 -3 ------- Run | Yrd Mat Min Exi Min Mat Gar Mat Gar Fac Was Fac Gar Fac Gar Fac Gar Fac Was Fac Gar Fac Gar Fac Was Fac Gar Res Traps Triggered 77 | . 1 . . . 1 3 2 9 2 . 2 7 2 16 3 9 2 . . 8 . 5 2 . 1 2 . Indirectly . | . . . . . . . . . . . . . . . . . . . . . . . . . . . . Trap Hack Attempts 51 | . . . . . 51 . . . . . . . . . . . . . . . . . . . . . . Triggered . | . . . . . . . . . . . . . . . . . . . . . . . . . . . . Disarmed . | . . . . . . . . . . . . . . . . . . . . . . . . . . . . Reprogrammed 6 | . . . . . 6 . . . . . . . . . . . . . . . . . . . . . . Reused 3 | . . . . . 3 . . . . . . . . . . . . . . . . . . . . . . Traps Extracted . | . . . . . . . . . . . . . . . . . . . . . . . . . . . . Installed . | . . . . . . . . . . . . . . . . . . . . . . . . . . . . Triggered 3 | . . . . . 3 . . . . . . . . . . . . . . . . . . . . . . Machines | -11 -10 -10 -10 -9 -8 -8 -8 -8 -7 -7 -7 -7 -6 -6 -6 -6 -5 -5 -5 -5 -5 -5 -4 -4 -4 -4 -3 ---------- Run | Yrd Mat Min Exi Min Mat Gar Mat Gar Fac Was Fac Gar Fac Gar Fac Gar Fac Was Fac Gar Fac Gar Fac Was Fac Gar Res Machines Disabled 92 | . . . . . 3 3 3 2 4 . . 3 8 6 10 5 1 . 10 5 3 4 . . 15 6 1 Max in Single Turn 8 | . . . . . 1 1 1 1 1 . . 1 8 1 6 1 1 . 5 1 1 1 . . 2 1 1 Garrison Access 1 | . . . . . . . . . . . . . . . . . . . . . . . . . 1 . . Garrison Relay 25 | . . . . . . 2 . 2 . . . 3 . 4 . 4 . . . 2 . 4 . . . 4 . Machines Repaired . | . . . . . . . . . . . . . . . . . . . . . . . . . . . . Machines Dismantled . | . . . . . . . . . . . . . . . . . . . . . . . . . . . . Machines Sabotaged . | . . . . . . . . . . . . . . . . . . . . . . . . . . . . Overloaded Fab Kills . | . . . . . . . . . . . . . . . . . . . . . . . . . . . . Hacking | -11 -10 -10 -10 -9 -8 -8 -8 -8 -7 -7 -7 -7 -6 -6 -6 -6 -5 -5 -5 -5 -5 -5 -4 -4 -4 -4 -3 --------- Run | Yrd Mat Min Exi Min Mat Gar Mat Gar Fac Was Fac Gar Fac Gar Fac Gar Fac Was Fac Gar Fac Gar Fac Was Fac Gar Res Machines Accessed 90 | . 5 . 2 . 12 2 13 4 2 . 3 2 3 2 6 2 . . 6 3 9 3 1 . 7 3 . Terminals 61 | . 3 . . . 9 2 10 4 1 . 1 2 1 2 2 2 . . 3 3 5 3 . . 5 3 . Fabricators 5 | . . . . . . . . . . . . . . . 2 . . . 2 . 1 . . . . . . Repair Stations 11 | . . . . . 2 . 1 . 1 . 1 . 1 . 1 . . . . . 2 . 1 . 1 . . Recycling Units 2 | . 2 . . . . . . . . . . . . . . . . . . . . . . . . . . Scanalyzers 1 | . . . . . . . 1 . . . . . . . . . . . . . . . . . . . . Garrison Access 8 | . . . . . 1 . 1 . . . 1 . 1 . 1 . . . 1 . 1 . . . 1 . . Total Hacks 237 | . 13 . 2 . 42 4 48 9 8 . 5 3 5 4 18 5 . . 16 6 24 7 2 . 11 5 . Successful 119 | . 5 . 2 . 22 2 38 2 3 . 1 2 2 2 8 . . . 7 3 12 1 2 . 5 . . Failed 117 | . 8 . . . 19 2 10 7 5 . 4 1 3 2 10 5 . . 9 3 12 6 . . 6 5 . Catastrophic 28 | . . . . . . 1 3 . 1 . . 1 1 . 4 1 . . 2 2 3 2 . . 4 3 . Database Lockouts 1 | . . . . . 1 . . . . . . . . . . . . . . . . . . . . . . Manual 123 | . 13 . 1 . 29 2 32 . 5 . 4 1 2 . 12 . . . 5 2 11 . . . 4 . . Terminals 171 | . 10 . . . 37 4 38 9 5 . 2 3 1 4 6 5 . . 11 6 10 7 . . 8 5 . Fabricators 14 | . . . . . . . . . . . . . . . 6 . . . 3 . 5 . . . . . . Repair Stations 23 | . . . . . 4 . 2 . 3 . 1 . 2 . 2 . . . . . 5 . 2 . 2 . . Recycling Units 3 | . 3 . . . . . . . . . . . . . . . . . . . . . . . . . . Scanalyzers 6 | . . . . . . . 6 . . . . . . . . . . . . . . . . . . . . Garrison Access 18 | . . . . . 1 . 2 . . . 2 . 2 . 4 . . . 2 . 4 . . . 1 . . Terminal Hacks 46 | . . . 2 . 9 2 13 2 1 . . 2 . 2 1 . . . 2 3 3 1 . . 3 . . Record 1 | . . . 1 . . . . . . . . . . . . . . . . . . . . . . . . Robot Schematic 3 | . . . . . . . 2 . 1 . . . . . . . . . . . . . . . . . . Robot Analysis 2 | . . . . . 1 . 1 . . . . . . . . . . . . . . . . . . . . Prototype ID Bank 3 | . . . . . 2 . 1 . . . . . . . . . . . . . . . . . . . . Open Door 2 | . . . . . . . . 1 . . . . . . . . . . . 1 . . . . . . . Emergency Access Points 3 | . . . . . . . . . . . . . . 1 . . . . . 1 . 1 . . . . . Machine Index 1 | . . . . . . . 1 . . . . . . . . . . . . . . . . . . . . Terminal Index 3 | . . . . . . . 1 . . . . . . . . . . . 1 . . . . . 1 . . Alert Level 2 | . . . . . 2 . . . . . . . . . . . . . . . . . . . . . . Unreport Threat 9 | . . . . . 3 . 3 . . . . . . . 1 . . . . . 1 . . . 1 . . Locate Traps 2 | . . . . . . . 1 . . . . . . . . . . . . . . . . . 1 . . Hauler Manifests 2 | . . . . . 1 . 1 . . . . . . . . . . . . . . . . . . . . Zone Layout 5 | . . . . . . . 2 . . . . . . . . . . . 1 . 2 . . . . . . Garrison Registry 2 | . . . . . . 1 . . . . . 1 . . . . . . . . . . . . . . . Patrol Navigation 2 | . . . . . . 1 . . . . . . . 1 . . . . . . . . . . . . . Security Stations 3 | . . . . . . . . 1 . . . 1 . . . . . . . 1 . . . . . . . Proto ID Catalog 1 | . . . 1 . . . . . . . . . . . . . . . . . . . . . . . . Fabricator Hacks 5 | . . . . . . . . . . . . . . . 2 . . . 2 . 1 . . . . . . Network Status 3 | . . . . . . . . . . . . . . . 1 . . . 1 . 1 . . . . . . Load Schematic 1 | . . . . . . . . . . . . . . . 1 . . . . . . . . . . . . Build 1 | . . . . . . . . . . . . . . . . . . . 1 . . . . . . . . Repair Station Hacks 14 | . . . . . 4 . 2 . 2 . . . . . . . . . . . 3 . 2 . 1 . . Scan Component 8 | . . . . . 2 . 1 . 1 . . . . . . . . . . . 2 . 1 . 1 . . Repair 6 | . . . . . 2 . 1 . 1 . . . . . . . . . . . 1 . 1 . . . . Recycling Unit Hacks . | . . . . . . . . . . . . . . . . . . . . . . . . . . . . Scanalyzer 6 | . . . . . . . 6 . . . . . . . . . . . . . . . . . . . . Insert Component 2 | . . . . . . . 2 . . . . . . . . . . . . . . . . . . . . Analyze 4 | . . . . . . . 4 . . . . . . . . . . . . . . . . . . . . Garrison Access Hacks 12 | . . . . . 1 . 2 . . . 1 . 2 . 1 . . . 2 . 2 . . . 1 . . Unlock Access 8 | . . . . . 1 . 1 . . . 1 . 1 . 1 . . . 1 . 1 . . . 1 . . Coupler Status 4 | . . . . . . . 1 . . . . . 1 . . . . . 1 . 1 . . . . . . Unauthorized Hacks 36 | . 5 . . . 8 . 15 . . . . . . . 4 . . . 1 . 3 . . . . . . Terminals 31 | . 4 . . . 8 . 15 . . . . . . . 2 . . . 1 . 1 . . . . . . Track 2 | . . . . . . . 2 . . . . . . . . . . . . . . . . . . . . Assimilate 3 | . 1 . . . 2 . . . . . . . . . . . . . . . . . . . . . . Botnet 4 | . 1 . . . 1 . 2 . . . . . . . . . . . . . . . . . . . . Operators 6 | . 1 . . . . . 1 . . . . . . . 2 . . . 1 . 1 . . . . . . Skim 16 | . 1 . . . 5 . 10 . . . . . . . . . . . . . . . . . . . . Fabricators 2 | . . . . . . . . . . . . . . . 1 . . . . . 1 . . . . . . Haulers 2 | . . . . . . . . . . . . . . . 1 . . . . . 1 . . . . . . Repair Stations 1 | . . . . . . . . . . . . . . . 1 . . . . . . . . . . . . Mechanics 1 | . . . . . . . . . . . . . . . 1 . . . . . . . . . . . . Recycling Units 1 | . 1 . . . . . . . . . . . . . . . . . . . . . . . . . . Tunnel 1 | . 1 . . . . . . . . . . . . . . . . . . . . . . . . . . Scanalyzers . | . . . . . . . . . . . . . . . . . . . . . . . . . . . . Garrison Access 1 | . . . . . . . . . . . . . . . . . . . . . 1 . . . . . . Eject 1 | . . . . . . . . . . . . . . . . . . . . . 1 . . . . . . Data Cores Recovered . | . . . . . . . . . . . . . . . . . . . . . . . . . . . . Used . | . . . . . . . . . . . . . . . . . . . . . . . . . . . . Hacking Detections 75 | . 4 . . . 8 2 10 3 2 . 3 1 3 2 6 2 . . 6 3 8 2 1 . 6 3 . Full Trace Events 12 | . 2 . . . . . . 2 . . . . . . 2 1 . . 1 . 1 1 . . . 2 . Feedback Events 2 | . 1 . . . . . . . . . . . . . . . . . . . . 1 . . . . . Corruption 2 | . 1 . . . . . . . . . . . . . . . . . . . . 1 . . . . . Feedback Blocked . | . . . . . . . . . . . . . . . . . . . . . . . . . . . . Robot Schematics Acquired 3 | . . . . . . . 2 . 1 . . . . . . . . . . . . . . . . . . Robots Built 1 | . . . . . . . . . . . . . . . . . . . 1 . . . . . . . . Authchips . | . . . . . . . . . . . . . . . . . . . . . . . . . . . . Time 40 | . . . . . . . . . . . . . . . . . . . 40 . . . . . . . . Total Robot Build Rating 1 | . . . . . . . . . . . . . . . . . . . 1 . . . . . . . . Part Schematics Acquired 2 | . . . . . . . 2 . . . . . . . . . . . . . . . . . . . . Parts Built . | . . . . . . . . . . . . . . . . . . . . . . . . . . . . Authchips . | . . . . . . . . . . . . . . . . . . . . . . . . . . . . Time . | . . . . . . . . . . . . . . . . . . . . . . . . . . . . Total Part Build Rating . | . . . . . . . . . . . . . . . . . . . . . . . . . . . . Parts Repaired 6 | . . . . . 2 . 1 . 1 . . . . . . . . . . . 1 . 1 . . . . Time 270 | . . . . . 76 . 38 . 44 . . . . . . . . . . . 68 . 44 . . . . Parts Recycled . | . . . . . . . . . . . . . . . . . . . . . . . . . . . . Recycled Matter . | . . . . . . . . . . . . . . . . . . . . . . . . . . . . Retrieved Matter . | . . . . . . . . . . . . . . . . . . . . . . . . . . . . Retrieved Components . | . . . . . . . . . . . . . . . . . . . . . . . . . . . . Parts Scanalyzed 2 | . . . . . . . 2 . . . . . . . . . . . . . . . . . . . . Part Schematics Acquired 2 | . . . . . . . 2 . . . . . . . . . . . . . . . . . . . . Parts Damaged . | . . . . . . . . . . . . . . . . . . . . . . . . . . . . Bothacking | -11 -10 -10 -10 -9 -8 -8 -8 -8 -7 -7 -7 -7 -6 -6 -6 -6 -5 -5 -5 -5 -5 -5 -4 -4 -4 -4 -3 ------------ Run | Yrd Mat Min Exi Min Mat Gar Mat Gar Fac Was Fac Gar Fac Gar Fac Gar Fac Was Fac Gar Fac Gar Fac Was Fac Gar Res Used RIF Installer 10 | . . . . . . 2 . 1 . . . 1 . 1 . 1 . . . 1 . 2 . . . 1 . Coupler Efficiency 1 | . . . . . . . . . . . . . . . . . . . . . . 1 . . . . . Hotswap 1 | . . . . . . 1 . . . . . . . . . . . . . . . . . . . . . Code Merge 1 | . . . . . . . . . . . . 1 . . . . . . . . . . . . . . . Signal Jammer 1 | . . . . . . . . . . . . . . . . . . . . . . 1 . . . . . Zone Cloak 2 | . . . . . . . . 1 . . . . . . . . . . . 1 . . . . . . . Alert ID Control 1 | . . . . . . . . . . . . . . 1 . . . . . . . . . . . . . Program Shield 1 | . . . . . . . . . . . . . . . . 1 . . . . . . . . . . . Crosswire 1 | . . . . . . . . . . . . . . . . . . . . . . . . . . 1 . Robots Hacked 138 | . . . . . . . . . 2 6 . . 5 5 14 9 7 6 2 3 14 15 5 4 18 11 12 Non-combat 33 | . . . . . . . . . 2 . . . 5 . 6 . 4 . 2 . 5 . 2 . 4 . 3 Combat 105 | . . . . . . . . . . 6 . . . 5 8 9 3 6 . 3 9 15 3 4 14 11 9 Robot Hacks Applied 169 | . . . . . . . . . 2 6 . . 7 5 23 10 8 6 5 4 20 17 5 4 21 11 15 parse_system 9 | . . . . . . . . . . . . . 2 1 1 1 1 . . 1 . . . . 1 . 1 find_chute 4 | . . . . . . . . . 1 . . . 1 . . . 1 . . . . . 1 . . . . deconstruct_machine 1 | . . . . . . . . . . . . . . . . . 1 . . . . . . . . . . ignore_repairs 2 | . . . . . . . . . . . . . . . . . . . . . . . . . 1 . 1 drop_inventory 1 | . . . . . . . . . . . . . . . . . . . . . . . . . . . 1 find_recycling 1 | . . . . . . . . . . . . . . . 1 . . . . . . . . . . . . deconstruct_bot 1 | . . . . . . . . . . . . . 1 . . . . . . . . . . . . . . purge_threat 15 | . . . . . . . . . . . . . . . 5 . . . 3 . 4 . . . 1 . 2 ignore_targets 16 | . . . . . . . . . . 6 . . . . . . . 6 . . . . . 4 . . . find_garrison 5 | . . . . . . . . . . . . . . . 1 . . . . . 1 . . . 3 . . link_fov 1 | . . . . . . . . . . . . . . . . . . . . . . . . . . . 1 mark_system 1 | . . . . . . . . . . . . . . . . . . . . . . 1 . . . . . overload_power 1 | . . . . . . . . . . . . . . . . . 1 . . . . . . . . . . amplify_resonance 22 | . . . . . . . . . . . . . . 1 4 1 1 . . 1 2 4 . . 3 1 4 disable_weapons 1 | . . . . . . . . . . . . . . . 1 . . . . . . . . . . . . reboot_system 1 | . . . . . . . . . . . . . . . 1 . . . . . . . . . . . . overwrite_iff 30 | . . . . . . . . . . . . . . 2 2 2 . . . 2 6 8 1 . 2 3 2 formatsys_low 20 | . . . . . . . . . 1 . . . 3 . 5 . 1 . 1 . 5 . 1 . 2 . 1 formatsys_high 37 | . . . . . . . . . . . . . . 1 2 6 2 . 1 . 2 4 2 . 8 7 2 Relay Couplers Released 118 | . . . . . . 9 . 12 . . . 15 3 18 . 16 . . . 10 3 16 . . 2 14 . Ejected 3 | . . . . . . . . . . . . . . . . . . . . . 3 . . . . . . Machine Destruction 105 | . . . . . . 6 . 8 . . . 15 . 18 . 16 . . . 10 . 16 . . 2 14 . Programmers 10 | . . . . . . 3 . 4 . . . . 3 . . . . . . . . . . . . . . Attached 38 | . . . . . . 1 . . 1 . . . 2 3 2 7 1 . . 1 4 5 1 . 3 4 3 Crosswired 3 | . . . . . . . . . . . . . . . . . . . . . . . . . . 3 . Merged Code Value 150 | . . . . . . . . . . . . . . 22 . 90 . 17 . 9 6 6 . . . . . Fabnet Peak Effective % . | . . . . . . . . . . . . . . . . . . . . . . . . . . . . Robots Rewired 15 | . . . . . . 3 . 2 . . . . . . . 3 1 . . 2 . 4 . . . . . Allies Hacked 1 | . . . . . . . . . . . . . . . . . . . . . 1 . . . . . . Hacks Repelled . | . . . . . . . . . . . . . . . . . . . . . . . . . . . . Allies | -11 -10 -10 -10 -9 -8 -8 -8 -8 -7 -7 -7 -7 -6 -6 -6 -6 -5 -5 -5 -5 -5 -5 -4 -4 -4 -4 -3 -------- Run | Yrd Mat Min Exi Min Mat Gar Mat Gar Fac Was Fac Gar Fac Gar Fac Gar Fac Was Fac Gar Fac Gar Fac Was Fac Gar Res Total Allies 134 | . . . . . 2 3 . 2 1 19 . . 3 5 9 11 4 . 3 4 13 18 4 2 12 14 5 Largest Group 20 | . . . . . 1 4 3 2 1 20 18 10 2 3 4 3 2 2 2 4 4 11 11 11 10 7 6 Highest-Rated Group 514 | . . . . . 10 82 58 70 39 488 418 272 50 142 185 123 98 75 90 174 104 488 514 506 486 414 346 Highest-Rated Ally 148 | . . . . . 10 24 24 39 39 35 31 31 27 80 80 41 49 49 64 64 49 148 95 95 114 116 89 Total Orders 47 | . . . . . 3 8 2 1 1 2 . . 3 . 2 2 . . . 4 3 6 1 1 6 2 . STAY 17 | . . . . . 2 4 1 1 . 1 . . . . . 1 . . . 2 . 3 . . 1 1 . FOLLOW 13 | . . . . . 1 4 1 . . 1 . . . . . 1 . . . 2 . 1 . . 1 1 . AID 9 | . . . . . . . . . 1 . . . 1 . 1 . . . . . 2 1 1 1 1 . . DROP 5 | . . . . . . . . . . . . . 2 . 1 . . . . . 1 1 . . . . . EXPLORE 3 | . . . . . . . . . . . . . . . . . . . . . . . . . 3 . . Ally Attacks 957 | . . . . . . 5 27 9 3 . 131 125 . 8 70 37 11 27 . 12 29 75 60 57 134 87 50 Total Damage 26245 | . . . . . . 108 660 127 . . 2063 2232 . 249 1785 1289 349 937 . 245 391 1922 2072 2703 4239 3146 1728 Kills 156 | . . . . . . 2 11 3 . . 16 20 . . 11 3 5 1 . 2 3 12 11 6 22 17 11 Allies Corrupted 5 | . . . . . . . . . . . . . . . . 1 . 2 . . 1 . . 1 . . . Allies Melted 3 | . . . . . . . 1 . . . . . . . . . . . . . . 1 . . 1 . . Intel | -11 -10 -10 -10 -9 -8 -8 -8 -8 -7 -7 -7 -7 -6 -6 -6 -6 -5 -5 -5 -5 -5 -5 -4 -4 -4 -4 -3 ------- Run | Yrd Mat Min Exi Min Mat Gar Mat Gar Fac Was Fac Gar Fac Gar Fac Gar Fac Was Fac Gar Fac Gar Fac Was Fac Gar Res Active Infowar (turns) 12077 | . 898 121 415 948 205 774 1389 284 . . . 276 1360 1452 531 417 . . . 428 . 1277 315 . 551 112 324 Structural 2587 | . 898 121 415 948 205 . . . . . . . . . . . . . . . . . . . . . . Jamming 9490 | . . . . . . 774 1389 284 . . . 276 1360 1452 531 417 . . . 428 . 1277 315 . 551 112 324 Robot Analysis Total 2 | . . . . . 1 . 1 . . . . . . . . . . . . . . . . . . . . Derelict Logs Recovered 1 | . . . . 1 . . . . . . . . . . . . . . . . . . . . . . . Drone Launches 3 | . . . . . . . . . . . . . . . . . . . . . . . . . 3 . . Drone Recoveries . | . . . . . . . . . . . . . . . . . . . . . . . . . . . . Exploration | -11 -10 -10 -10 -9 -8 -8 -8 -8 -7 -7 -7 -7 -6 -6 -6 -6 -5 -5 -5 -5 -5 -5 -4 -4 -4 -4 -3 ------------- Run | Yrd Mat Min Exi Min Mat Gar Mat Gar Fac Was Fac Gar Fac Gar Fac Gar Fac Was Fac Gar Fac Gar Fac Was Fac Gar Res Turns Passed 38971 | 76 1093 121 415 948 3810 1800 3382 2219 944 1964 863 1035 1360 1948 1371 2483 304 577 1115 2257 1575 2131 444 338 2132 1512 754 Spaces Moved 15830 | 42 499 64 257 433 1818 939 1264 750 329 907 344 544 554 669 467 869 142 116 336 804 539 782 202 151 978 743 288 Core 4 | 3 . . . . . . . . . . . . . . . . . . . . . . . . . . 1 Treads 15826 | 39 499 64 257 433 1818 939 1264 750 329 907 344 544 554 669 467 869 142 116 336 804 539 782 202 151 978 743 287 Legs . | . . . . . . . . . . . . . . . . . . . . . . . . . . . . Wheels . | . . . . . . . . . . . . . . . . . . . . . . . . . . . . Hover . | . . . . . . . . . . . . . . . . . . . . . . . . . . . . Flight . | . . . . . . . . . . . . . . . . . . . . . . . . . . . . Fastest Speed 50 | 50 160 160 160 160 160 160 240 240 240 160 160 160 160 160 155 150 148 148 235 155 240 160 160 160 160 160 160 Average Speed 198 | 152 160 160 160 160 160 168 240 240 240 180 160 160 220 237 234 228 148 171 235 223 240 232 164 210 183 160 199 Slowest Speed 2350 | 160 160 160 160 160 240 240 240 240 240 240 160 160 240 320 235 240 148 235 235 240 320 240 240 240 240 240 2350 Overloaded Moves . | . . . . . . . . . . . . . . . . . . . . . . . . . . . . Propulsion Burnouts . | . . . . . . . . . . . . . . . . . . . . . . . . . . . . Robots Hopped . | . . . . . . . . . . . . . . . . . . . . . . . . . . . . Potential Cave-ins . | . . . . . . . . . . . . . . . . . . . . . . . . . . . . Cave-ins Triggered . | . . . . . . . . . . . . . . . . . . . . . . . . . . . . Exploration Rate (%) 52 | 3 51 9 64 63 85 84 89 82 13 96 9 52 14 88 18 88 6 92 12 94 21 91 10 86 35 86 15 Regions Visited 27 Branch Regions 3 Pre-discovered Areas 4 | . 1 . 1 . 1 . 1 . . . . . . . . . . . . . . . . . . . . Known Exits Taken 8 | . . . . . 1 . 1 . . . 1 . 1 . 1 . . . 1 . 1 . . . 1 . . Unknown Exits Taken 5 | 1 1 1 1 1 . . . . . . . . . . . . . . . . . . . . . . . Scrap Searched 3 | . . . . 3 . . . . . . . . . . . . . . . . . . . . . . . Spaces Dug 148 | . . . . . 6 . 8 16 . . . . . . 4 37 . . 47 . 3 1 2 . 15 9 . Terrain Destroyed 583 | . . . . . 6 . 17 30 . . . . 21 38 26 69 . 2 73 69 48 15 3 . 139 20 7 Melee 30 | . . . . . 6 . 8 16 . . . . . . . . . . . . . . . . . . . Projectile 164 | . . . . . . . . . . . . . 3 7 11 21 . 2 7 30 16 15 3 . 22 20 7 AOE 389 | . . . . . . . 9 14 . . . . 18 31 15 48 . . 66 39 32 . . . 117 . . Terrain Rammed . | . . . . . . . . . . . . . . . . . . . . . . . . . . . . Walls Destroyed . | . . . . . . . . . . . . . . . . . . . . . . . . . . . . Machines Disabled . | . . . . . . . . . . . . . . . . . . . . . . . . . . . . Actions | -11 -10 -10 -10 -9 -8 -8 -8 -8 -7 -7 -7 -7 -6 -6 -6 -6 -5 -5 -5 -5 -5 -5 -4 -4 -4 -4 -3 --------- Run | Yrd Mat Min Exi Min Mat Gar Mat Gar Fac Was Fac Gar Fac Gar Fac Gar Fac Was Fac Gar Fac Gar Fac Was Fac Gar Res Total 21463 | 51 681 72 260 663 2527 1094 1509 973 436 1082 652 649 661 886 644 1181 227 476 615 1067 748 979 312 176 1304 1067 471 Wait 3026 | 1 114 . . 210 484 62 156 24 67 64 299 51 56 67 66 40 38 305 222 63 110 33 90 5 163 167 69 Move 15812 | 41 498 63 256 432 1818 938 1264 749 329 906 343 543 554 668 467 868 142 115 336 803 538 781 202 150 978 742 288 Hop . | . . . . . . . . . . . . . . . . . . . . . . . . . . . . Pick Up 191 | 2 3 2 3 4 15 8 6 7 2 5 1 8 1 12 4 27 2 4 2 15 5 10 2 6 15 18 2 Fast Attach 89 | 6 2 . . . 10 2 2 3 . 2 1 1 6 2 2 12 . 5 4 8 . 5 . . 8 7 1 Attach 94 | . 1 . . . 9 5 1 4 2 1 . . 1 2 4 14 3 . 1 10 1 11 2 2 6 5 9 Detach 45 | . . . . . 6 1 . 1 . 3 . . 3 . 2 5 1 4 . 2 . 3 1 3 7 2 1 Swap 266 | . 3 2 1 . 21 12 15 21 10 6 1 2 8 19 19 23 5 4 5 15 15 19 4 . 14 12 10 Drop 185 | . 1 . . . 15 8 10 11 . 12 4 10 5 13 5 15 . 11 4 16 2 4 . 6 12 19 2 Fire 1387 | . 55 5 . 15 86 19 42 49 20 81 3 33 21 83 69 135 28 28 39 111 74 102 9 4 95 94 87 Melee 116 | . . . . . 6 15 8 84 1 2 . . . . . . . . . . . . . . . . . Ram . | . . . . . . . . . . . . . . . . . . . . . . . . . . . . Kick . | . . . . . . . . . . . . . . . . . . . . . . . . . . . . Crush 49 | 1 4 . . 2 6 2 5 . 4 . . 1 3 1 3 1 3 . 1 2 3 . 1 . 4 . 2 Escape Stasis 71 | . . . . . . . . 16 . . . . 3 17 . 12 . . . 12 . 9 . . 2 . . Rewire 81 | . . . . . . 22 . 4 1 . . . . 2 3 29 5 . 1 10 . 2 1 . . 1 . Trap 51 | . . . . . 51 . . . . . . . . . . . . . . . . . . . . . . Miscellaneous . | . . . . . . . . . . . . . . . . . . . . . . . . . . . . Route ------- -11/Scrapyard -10/Materials (discovered 2 exits: [*Min x2]) -10/Mines -10/Exiles -9/Mines -8/Materials (discovered 2 exits: *Fac / Gar) -8/Garrison (discovered 4 exits: *Fac x3 / *Mat) -8/Materials (discovered 4 exits: *Fac x3 / Gar) -8/Garrison (discovered 3 exits: *Fac x3) -7/Factory (discovered 2 exits: Low x2) -7/Waste -7/Factory (discovered 2 exits: Low / Gar) -7/Garrison (discovered 3 exits: *Fac x3) -6/Factory (discovered 2 exits: [*Fac] / Gar) -6/Garrison (discovered 3 exits: *Fac x3) -6/Factory -6/Garrison (discovered 3 exits: [*Fac x3]) -5/Factory -5/Waste -5/Factory -5/Garrison (discovered 3 exits: *Fac x3) -5/Factory -5/Garrison (discovered 3 exits: *Fac x3) -4/Factory -4/Waste -4/Factory (discovered 4 exits: [*Res] / [*Upp] / [*Arm] / Gar) -4/Garrison (discovered 3 exits: [*Res x3]) -3/Research History --------- Turn | Location | Event 55 | -11/Scrapyard | Discovered new exit (range 15) 77 | -11/Scrapyard | Entered Materials 128 | -10/Materials | Discovered new exit (range 13) 312 | -10/Materials | Build established: Mutant 720 | -10/Materials | Core integrity fell below 50% 893 | -10/Materials | Discovered new exit (range 13) 1170 | -10/Materials | Entered Mines 1192 | -10/Mines | Met a Derelict bent on vengeance 1242 | -10/Mines | Deemed a non-threat by the Exiles lab entrance 1242 | -10/Mines | Discovered new exit (range 5) 1291 | -10/Mines | Entered Exiles 1330 | -10/Exiles | Met 8R-AWN 1357 | -10/Exiles | Met EX-HEX 1467 | -10/Exiles | Met EX-BIN 1493 | -10/Exiles | Aligned with FarCom system 1495 | -10/Exiles | Given EX-Vault access code 1531 | -10/Exiles | Opened EX-Vault 1543 | -10/Exiles | Found Field Lobotomy Kit 1548 | -10/Exiles | Found Gui. Plasma Cannon 1556 | -10/Exiles | Found AWS/Thermal 1586 | -10/Exiles | Warned to stay clear of 0b10 Research branches 1599 | -10/Exiles | Exiles lab attacked by MAIN.C 1640 | -10/Exiles | Learned location of Zion (-7) 1690 | -10/Exiles | Discovered new exit (range 12) 1706 | -10/Exiles | Stole three prototypes: AWS/Thermal, Gui. Plasma Cannon, Field Lobotomy Kit 1706 | -10/Exiles | Entered Mines 1750 | -9/Mines | Core integrity fell below 20% 2030 | -9/Mines | Received a Rocket Launcher from a helpful Derelict 2226 | -9/Mines | Learned Materials security intel 2244 | -9/Mines | Assembled infested the area 2249 | -9/Mines | Assisted by a Guerilla fighting off Assembled 2644 | -9/Mines | Discovered new exit (range 5) 2654 | -9/Mines | Entered Materials 2654 | -8/Materials | Evolved 4 slots: Propulsion x1, Utility x3 2963 | -8/Materials | Build established: Scavenger-Mutant 3724 | -8/Materials | Central database locked down 3772 | -8/Materials | Learned 4 Lower Caves zone layouts 3844 | -8/Materials | Identified exit to Factory 3866 | -8/Materials | Learned Factory terminal intel 3877 | -8/Materials | Learned Storage emergency access door positions 3880 | -8/Materials | Learned location of 1 exit from Lower Caves 3892 | -8/Materials | Learned location of 1 exit from Recycling 3916 | -8/Materials | Learned Storage emergency access door positions 3971 | -8/Materials | Garrison activated, responded to threat 4131 | -8/Materials | Repaired Hardlight Generator 4273 | -8/Materials | Build established: Mutant 4870 | -8/Materials | Build established: Scavenger-Mutant 4959 | -8/Materials | Repaired Lgt. Deuterium Engine 6456 | -8/Materials | Identified exit to Garrison 6464 | -8/Materials | Entered Garrison 6464 | -8/Garrison | Accompanied by 1 ally 6530 | -8/Garrison | Triggered checkpoint 6582 | -8/Garrison | Discovered new exit (range 5) 6680 | -8/Garrison | Triggered checkpoint 6760 | -8/Garrison | Triggered checkpoint 6858 | -8/Garrison | Destroyed 7 combat bots 6906 | -8/Garrison | Garrison Relay disabled 7080 | -8/Garrison | Triggered checkpoint 7202 | -8/Garrison | Discovered exit to Factory (range 13) 7366 | -8/Garrison | Triggered checkpoint 7497 | -8/Garrison | Discovered exit to Factory (range 12) 7610 | -8/Garrison | Triggered checkpoint 7664 | -8/Garrison | Installed Relay Interface Framework 7782 | -8/Garrison | Build established: Mutant 7818 | -8/Garrison | Triggered checkpoint 7869 | -8/Garrison | Discovered exit to Factory (range 7) 7908 | -8/Garrison | Triggered checkpoint 7960 | -8/Garrison | Expanded RIF knowledge: Hotswap 8002 | -8/Garrison | Garrison Relay disabled 8027 | -8/Garrison | Discovered exit to Factory (range 20) 8027 | -8/Garrison | Discovered exit to Factory (range 88) 8027 | -8/Garrison | Discovered exit to Factory (range 62) 8027 | -8/Garrison | Discovered new exit (range 40) 8264 | -8/Garrison | Entered Materials 8264 | -8/Materials | Accompanied by 3 allies 8304 | -8/Materials | Build established: Bothacker-Mutant 8747 | -8/Materials | Learned location of 1 exit from Extension 8781 | -8/Materials | Learned location of 1 exit from Recycling 8817 | -8/Materials | Learned 4 Recycling zone layouts 8828 | -8/Materials | Learned Storage emergency access door positions 8846 | -8/Materials | Learned Storage emergency access door positions 8995 | -8/Materials | Garrison activated, responded to threat 9759 | -8/Materials | Garrison activated, responded to threat 10099 | -8/Materials | Repaired Lgt. Deuterium Engine 10201 | -8/Materials | Discovered exit to Factory (range 15) 10624 | -8/Materials | Discovered exit to Factory (range 16) 10799 | -8/Materials | Learned Factory garrison access intel 10896 | -8/Materials | Learned location of 1 exit from Storage 10931 | -8/Materials | Learned location of 1 exit from Recycling 10955 | -8/Materials | Learned Storage trap positions 11034 | -8/Materials | Learned 4 Lower Caves zone layouts 11646 | -8/Materials | Identified exit to Garrison 11646 | -8/Materials | Entered Garrison 11646 | -8/Garrison | Accompanied by 1 ally 11674 | -8/Garrison | Triggered checkpoint 11700 | -8/Garrison | Triggered checkpoint 11704 | -8/Garrison | Triggered checkpoint 11760 | -8/Garrison | Expanded RIF knowledge: Zone Cloak 11976 | -8/Garrison | Destroyed 7 combat bots 11984 | -8/Garrison | AWS/Thermal suddenly broke down 12056 | -8/Garrison | Triggered checkpoint 12069 | -8/Garrison | Destroyed 8 combat bots 12200 | -8/Garrison | Discovered exit to Factory (range 8) 12240 | -8/Garrison | Triggered checkpoint 12266 | -8/Garrison | Triggered checkpoint 12570 | -8/Garrison | Triggered checkpoint 12607 | -8/Garrison | Garrison Relay disabled 12680 | -8/Garrison | Discovered exit to Factory (range 10) 12793 | -8/Garrison | Learned Factory security intel 13059 | -8/Garrison | Discovered exit to Factory (range 11) 13138 | -8/Garrison | Triggered checkpoint 13190 | -8/Garrison | Garrison Relay disabled 13865 | -8/Garrison | Entered Factory 13865 | -7/Factory | Accompanied by 1 ally 13865 | -7/Factory | Evolved 2 slots: Propulsion x1, Utility x1 13866 | -7/Factory | Identified exit to Lower Caves 13867 | -7/Factory | FarCom data flow suspended 13868 | -7/Factory | Loaded intel: 26 terminal locations 13869 | -7/Factory | Loaded intel: 4 garrison access locations 14332 | -7/Factory | Repaired Transmission Jammer 14665 | -7/Factory | First assault squad dispatched 14809 | -7/Factory | Sucked down chute 14809 | -7/Factory | Entered Waste 14843 | -7/Waste | Spotted C-40 Crusher 14847 | -7/Waste | Spotted C-40 Crusher 14854 | -7/Waste | 1 allies followed down the chute 14963 | -7/Waste | Spotted C-40 Crusher 14982 | -7/Waste | Spotted C-40 Crusher 15163 | -7/Waste | Spotted C-40 Crusher 15179 | -7/Waste | Spotted C-40 Crusher 15276 | -7/Waste | Destroyed C-40 Crusher 15448 | -7/Waste | Destroyed C-40 Crusher 15551 | -7/Waste | Destroyed C-40 Crusher 15636 | -7/Waste | Destroyed C-40 Crusher 15642 | -7/Waste | Destroyed C-40 Crusher 15736 | -7/Waste | Destroyed C-40 Crusher 15831 | -7/Waste | Discovered new exit (range 11) 16087 | -7/Waste | Warlord forces began an assault 16773 | -7/Waste | Entered Factory 16773 | -7/Factory | Accompanied by 18 allies 16881 | -7/Factory | Lost 3 allies 16955 | -7/Factory | Lost 3 allies 17354 | -7/Factory | P-60 Hacker assimilated allied 4C-RDG(g) 17536 | -7/Factory | Identified exit to Garrison 17636 | -7/Factory | Entered Garrison 17636 | -7/Garrison | Accompanied by 10 allies 17728 | -7/Garrison | Triggered checkpoint 17791 | -7/Garrison | Discovered new exit (range 75) 17791 | -7/Garrison | Discovered new exit (range 26) 17791 | -7/Garrison | Discovered new exit (range 65) 17799 | -7/Garrison | Garrison Relay disabled 17908 | -7/Garrison | Triggered checkpoint 18032 | -7/Garrison | Triggered checkpoint 18066 | -7/Garrison | Learned Factory security intel 18077 | -7/Garrison | Garrison Relay disabled 18161 | -7/Garrison | Expanded RIF knowledge: Code Merge 18308 | -7/Garrison | Triggered checkpoint 18378 | -7/Garrison | Triggered checkpoint 18405 | -7/Garrison | Garrison Relay disabled 18457 | -7/Garrison | Build established: Botlord-Mutant 18490 | -7/Garrison | Triggered checkpoint 18671 | -7/Garrison | Entered Factory 18671 | -6/Factory | Accompanied by 2 allies 18671 | -6/Factory | Evolved 2 slots: Power x1, Utility x1 18738 | -6/Factory | Allied Derelicts emerged from ambush trap array 19781 | -6/Factory | Discovered new exit (range 6) 20027 | -6/Factory | Identified exit to Garrison 20031 | -6/Factory | Entered Garrison 20031 | -6/Garrison | Accompanied by 2 allies 20093 | -6/Garrison | Triggered checkpoint 20186 | -6/Garrison | Destroyed 7 combat bots 20208 | -6/Garrison | Spotted B-75 Beast 20223 | -6/Garrison | Destroyed B-75 Beast 20249 | -6/Garrison | Triggered checkpoint 20292 | -6/Garrison | Triggered checkpoint 20329 | -6/Garrison | Lost 3 allies 20467 | -6/Garrison | Triggered checkpoint 20522 | -6/Garrison | Garrison Relay disabled 20581 | -6/Garrison | Discovered new exit (range 10) 20821 | -6/Garrison | Found Adv. Powered Armor 20867 | -6/Garrison | Garrison Relay disabled 21011 | -6/Garrison | Garrison Relay disabled 21091 | -6/Garrison | Triggered checkpoint 21161 | -6/Garrison | Discovered new exit (range 14) 21546 | -6/Garrison | Discovered new exit (range 10) 21584 | -6/Garrison | Expanded RIF knowledge: Alert ID Control 21799 | -6/Garrison | Triggered checkpoint 21832 | -6/Garrison | Found embedded Infiltrators 21850 | -6/Garrison | Garrison Relay disabled 21979 | -6/Garrison | Entered Factory 21979 | -6/Factory | Accompanied by 2 allies 22329 | -6/Factory | First assault squad dispatched 22459 | -6/Factory | Lost 3 allies 22561 | -6/Factory | Found Hvy. Reflective Plating 22565 | -6/Factory | Found Hvy. Reflective Plating 22601 | -6/Factory | Found Hvy. Reflective Plating 23053 | -6/Factory | Spotted B-75 Beast 23240 | -6/Factory | Destroyed B-75 Beast 23350 | -6/Factory | Identified exit to Garrison 23350 | -6/Factory | Entered Garrison 23350 | -6/Garrison | Accompanied by 1 ally 23541 | -6/Garrison | Build established: Bothacker-Mutant 23557 | -6/Garrison | Triggered checkpoint 23640 | -6/Garrison | Triggered checkpoint 23710 | -6/Garrison | Triggered checkpoint 23789 | -6/Garrison | Found Unknown Device 23789 | -6/Garrison | Identified Heavy Servo Lattice 23839 | -6/Garrison | Expanded RIF knowledge: Program Shield 23884 | -6/Garrison | Triggered checkpoint 24024 | -6/Garrison | Garrison Relay disabled 24132 | -6/Garrison | Spotted B-75 Beast 24143 | -6/Garrison | Triggered checkpoint 24167 | -6/Garrison | Destroyed B-75 Beast 24201 | -6/Garrison | Triggered checkpoint 24258 | -6/Garrison | Triggered checkpoint 24263 | -6/Garrison | Triggered checkpoint 24335 | -6/Garrison | Build established: Botlord-Mutant 24368 | -6/Garrison | Triggered checkpoint 24435 | -6/Garrison | Garrison Relay disabled 24481 | -6/Garrison | Garrison Relay disabled 24586 | -6/Garrison | Discovered new exit (range 10) 24678 | -6/Garrison | Found Unknown Hackware 24682 | -6/Garrison | Found Unknown Hackware 24682 | -6/Garrison | Identified Relay Coupler [Proto] (x2) 24694 | -6/Garrison | Found Relay Coupler [Proto] 24971 | -6/Garrison | Discovered new exit (range 15) 25046 | -6/Garrison | Lost 3 parts (1n1u1w) 25334 | -6/Garrison | Triggered checkpoint 25403 | -6/Garrison | Garrison Relay disabled 25434 | -6/Garrison | Lost 4 parts (2p2u) 25616 | -6/Garrison | Discovered new exit (range 15) 25833 | -6/Garrison | Entered Factory 25833 | -5/Factory | Accompanied by 2 allies 25833 | -5/Factory | Evolved 2 slots: Propulsion x1, Utility x1 26137 | -5/Factory | Sucked down chute 26137 | -5/Factory | Entered Waste 26152 | -5/Waste | EMP discharged 26157 | -5/Waste | 3 allies followed down the chute 26170 | -5/Waste | Spotted C-40 Crusher 26174 | -5/Waste | Spotted C-40 Crusher 26183 | -5/Waste | Spotted C-40 Crusher 26187 | -5/Waste | Destroyed C-40 Crusher 26196 | -5/Waste | Found Damper Plating 26243 | -5/Waste | Found Damper Plating 26252 | -5/Waste | EMP discharged 26252 | -5/Waste | Spotted C-40 Crusher 26252 | -5/Waste | Spotted C-40 Crusher 26264 | -5/Waste | Destroyed C-40 Crusher 26274 | -5/Waste | Destroyed C-40 Crusher 26301 | -5/Waste | Destroyed C-40 Crusher 26316 | -5/Waste | Spotted C-40 Crusher 26336 | -5/Waste | Destroyed C-40 Crusher 26352 | -5/Waste | EMP discharged 26387 | -5/Waste | Discovered new exit (range 11) 26452 | -5/Waste | EMP discharged 26552 | -5/Waste | EMP discharged 26552 | -5/Waste | System corruption reached 10% 26652 | -5/Waste | EMP discharged 26714 | -5/Waste | Entered Factory 27388 | -5/Factory | Cargo convoy interrupted 27454 | -5/Factory | Fabricated A-02 Transporter? 27829 | -5/Factory | Identified exit to Garrison 27829 | -5/Factory | Entered Garrison 27829 | -5/Garrison | Accompanied by 2 allies 27876 | -5/Garrison | Learned Factory security intel 27889 | -5/Garrison | Triggered checkpoint 27915 | -5/Garrison | Garrison Relay disabled 28050 | -5/Garrison | Spotted B-75 Beast 28104 | -5/Garrison | Destroyed B-75 Beast 28231 | -5/Garrison | Triggered checkpoint 28238 | -5/Garrison | Triggered checkpoint 28241 | -5/Garrison | Triggered checkpoint 28638 | -5/Garrison | Discovered new exit (range 10) 28674 | -5/Garrison | Triggered checkpoint 28718 | -5/Garrison | Garrison Relay disabled 29209 | -5/Garrison | Triggered checkpoint 29332 | -5/Garrison | Discovered new exit (range 12) 29353 | -5/Garrison | Expanded RIF knowledge: Zone Cloak 29806 | -5/Garrison | Discovered new exit (range 3) 29938 | -5/Garrison | Found Relay Coupler [Proto] 29941 | -5/Garrison | Found Relay Coupler [Proto] 29945 | -5/Garrison | Found Relay Coupler [Proto] 30086 | -5/Garrison | Entered Factory 31265 | -5/Factory | Repaired Adv. Remote Datajack 31653 | -5/Factory | Identified exit to Garrison 31661 | -5/Factory | Entered Garrison 31661 | -5/Garrison | Accompanied by 3 allies 31765 | -5/Garrison | Triggered checkpoint 31834 | -5/Garrison | Garrison Relay disabled 31871 | -5/Garrison | Triggered checkpoint 32082 | -5/Garrison | Spotted B-75 Beast 32111 | -5/Garrison | Triggered checkpoint 32252 | -5/Garrison | Lost 3 parts (1p2u) 32309 | -5/Garrison | Discovered new exit (range 14) 32321 | -5/Garrison | Spotted B-86 Titan 32341 | -5/Garrison | Rewired B-90 Cyclops 32360 | -5/Garrison | Destroyed Cyclops 6a 32376 | -5/Garrison | Destroyed B-86 Titan 32402 | -5/Garrison | Lost 3 parts (2n1w) 32413 | -5/Garrison | Found Unknown Device 32507 | -5/Garrison | Triggered checkpoint 32534 | -5/Garrison | Expanded RIF knowledge: Signal Jamming 32587 | -5/Garrison | Expanded RIF knowledge: Coupler Efficiency 32703 | -5/Garrison | Triggered checkpoint 32705 | -5/Garrison | Triggered checkpoint 32749 | -5/Garrison | Identified Quantum Capacitor 32822 | -5/Garrison | Triggered checkpoint 32844 | -5/Garrison | Garrison Relay disabled 33067 | -5/Garrison | Discovered new exit (range 12) 33071 | -5/Garrison | Triggered checkpoint 33105 | -5/Garrison | Triggered checkpoint 33127 | -5/Garrison | Garrison Relay disabled 33165 | -5/Garrison | Found embedded Infiltrators 33453 | -5/Garrison | Triggered checkpoint 33482 | -5/Garrison | Garrison Relay disabled 33738 | -5/Garrison | Discovered new exit (range 5) 33792 | -5/Garrison | Entered Factory 33792 | -4/Factory | Accompanied by 10 allies 33792 | -4/Factory | Evolved 2 slots: Propulsion x1, Utility x1 33925 | -4/Factory | Repaired Imp. Cooling System 34112 | -4/Factory | Garrison activated, responded to threat 34236 | -4/Factory | Sucked down chute 34236 | -4/Factory | Entered Waste 34236 | -4/Waste | Met up with 2 allies sucked down the chute earlier 34249 | -4/Waste | Spotted C-40 Crusher 34251 | -4/Waste | EMP discharged 34257 | -4/Waste | Allies destroyed C-40 Crusher 34259 | -4/Waste | Spotted C-40 Crusher 34265 | -4/Waste | Found Damper Plating 34269 | -4/Waste | Allies destroyed C-40 Crusher 34298 | -4/Waste | Spotted C-40 Crusher 34298 | -4/Waste | Allies destroyed C-40 Crusher 34316 | -4/Waste | Spotted C-40 Crusher 34318 | -4/Waste | Allies destroyed C-40 Crusher 34343 | -4/Waste | Spotted C-40 Crusher 34349 | -4/Waste | Allies destroyed C-40 Crusher 34351 | -4/Waste | EMP discharged 34356 | -4/Waste | 12 allies followed down the chute 34420 | -4/Waste | Spotted C-40 Crusher 34437 | -4/Waste | Allies destroyed C-40 Crusher 34451 | -4/Waste | EMP discharged 34545 | -4/Waste | Discovered new exit (range 10) 34551 | -4/Waste | EMP discharged 34574 | -4/Waste | Entered Factory 34574 | -4/Factory | Accompanied by 10 allies 34637 | -4/Factory | Garrison activated, responded to threat 34665 | -4/Factory | Lost 4 allies 34937 | -4/Factory | Discovered new exit (range 9) 35027 | -4/Factory | Lost 3 allies 35199 | -4/Factory | Lost 3 allies 35333 | -4/Factory | Lost 4 allies 35355 | -4/Factory | Cargo convoy interrupted 35440 | -4/Factory | Found Prototype Launcher 35862 | -4/Factory | Discovered new exit (range 21) 36075 | -4/Factory | Discovered new exit (range 14) 36134 | -4/Factory | Lost 3 allies 36659 | -4/Factory | Garrison activated, responded to threat 36706 | -4/Factory | Identified exit to Garrison 36706 | -4/Factory | Entered Garrison 36754 | -4/Garrison | Triggered checkpoint 36800 | -4/Garrison | Lost 3 parts (1p1u1w) 36813 | -4/Garrison | Garrison Relay disabled 37086 | -4/Garrison | Spotted B-86 Titan 37105 | -4/Garrison | Assimilated Titan 7a with formatsys_high 37256 | -4/Garrison | Triggered checkpoint 37269 | -4/Garrison | Triggered checkpoint 37301 | -4/Garrison | Triggered checkpoint 37370 | -4/Garrison | Triggered checkpoint 37412 | -4/Garrison | Garrison Relay disabled 37460 | -4/Garrison | Discovered new exit (range 14) 37510 | -4/Garrison | Rescued a captive Derelict 37512 | -4/Garrison | Rescued a captive Derelict 37683 | -4/Garrison | Triggered checkpoint 37743 | -4/Garrison | Lost 5 allies 37745 | -4/Garrison | Garrison Relay disabled 37843 | -4/Garrison | Discovered new exit (range 10) 37972 | -4/Garrison | Found embedded Infiltrators 38038 | -4/Garrison | Triggered checkpoint 38073 | -4/Garrison | Garrison Relay disabled 38139 | -4/Garrison | Discovered new exit (range 15) 38173 | -4/Garrison | Expanded RIF knowledge: Crosswire 38218 | -4/Garrison | Entered Research 38218 | -3/Research | Accompanied by 4 allies 38218 | -3/Research | Evolved 2 slots: Power x1, Utility x1 38456 | -3/Research | Lost 3 allies 38673 | -3/Research | System corruption reached 10% 38891 | -3/Research | Cargo convoy interrupted 38901 | -3/Research | Spotted Striker 38927 | -3/Research | Destroyed Striker 38956 | -3/Research | Core integrity fell below 50% 38970 | -3/Research | Core integrity fell below 20% 38972 | -3/Research | Destroyed by H-77 Assassin with Coil Gun Last Messages --------------- 38963_ U-05 Engineer destroyed. 38963_ M-36 Artificer repairs X-77 Beamer. 38963_ K-01 Serf collects debris. 38965_ Slug penetrates Wall. 38966_ Slug penetrates M-36 Artificer. 38966_ R-10 Processor suffers critical hit (Destroy). 38966_ Penetrated by Slug. 38966_ Slug penetrates Wall. 38966_ Cargo Storage Unit destroyed. 38968_ K-01 Serf collects debris. 38969_ Slug penetrates Wall. 38969_ Penetrated by Slug. 38969_ Slug penetrates Wall. 38969_ Penetrated by Slug. 38969_ Slug penetrates K-01 Serf. 38969_ Slug penetrates Wall. 38970_ K-01 Serf collects debris. 38970_ Graphene Brace destroyed. 38970_ K-01 Serf destroyed. 38972_ Penetrated by Slug. Map ----- +----------------------------------------------------+ | ?????????????????????????????????????????????????? | | ?????????????????????????????????????????????????? | | ?????????????????????????????????????????????????? | | ?????????????????????????????????????????????????? | | ?????????????????????????????????????????????????? | | ?????????????????????????????????????????????????? | | ?????????????????????????????????????????????????? | | ?????????????????????????????????????????????????? | | ??????????????????????? ???????????????????????? | | ??????????????????????? #?????????????????????? | | ??????????????????????? #?????????????????????? | | ??????????????????????# #?????????????????????? | | ?????????????????##???# #?????????????????????? | | ????????????????? ???#u #?????????????????????? | | ?????????????????# ???#u #?????????????????????? | | ?????????????????# ???#u #?????????????????????? | | ??????????????#### #??# #?????????????????????? | | ????????????######+#### k #??????"""????????????? | | ????????????# [ # #??????""?????????????? | | ????????##??# %= #=! ^#?????? ?????????????? | | ????????# # %[ #=^^^#?????? ?????????????? | | ????????# / # % !#######/############### | | ????????????# k !*!%*% %A % % | | ????????????# #k]!%==! | | ????????????# #h!]k== % | | ????????????#! +%x@]!! % " | | ?????????H??############h####### u " | | ??????????????????# %! ! # " | | ??????????????????# % % %# " | | ??????????????????# " h% "" # % | | ??????????????????# h """% + | | ??????????????????# " # ! | | ??????????????????# %% # !! | | ??????????????????# %% ####+### ####### | | ????????????????? + #? # #= | | ????????????????### ! ## # #% | | ??????????????????# != ## # +! | | ??????????????????# ! ## # # | | ??????????????????# ## # # | | ??????????????????######## ###### # # | | ?????????????????????????###????# # # | | ????????????????????????????????# # % # | | ????????????????????????????????# # # "" | | ????????????????????????????????# # # Y" | | ????????????????????????????????# !# # "" | | ????????????????????????????????# # # | | ????????????????????????????????####### # ^ | | ????????????????????????############### #####+# | | ????????????????????????# #! #???# # | | ????????????????????????# !!=%! ##### # | +----------------------------------------------------+ Best States ------------- Heat Dissipation 115 Energy Generation 55 Energy Capacity 565 Matter Stores 300 Matter Capacity 300 Sight Range 16 Terrain Scan Density 10 Jamming Range 12 Base Temperature (-) 200 Armor Coverage 3200 Resistance: TH 30 Resistance: EM 90 Weapon Cycling 25 Evasion (%) 50 Recoil Reduction 6 Offensive Hacking 10 Relay Coupler Types 6 Relay Coupler Value 171 Item Schematics ----------------- Imp. Utility Shielding | -8/Materials | Scanalyzed Transmission Jammer | -8/Materials | Scanalyzed Robot Schematics ------------------ M-28 Smith | -8/Materials | Hacked M-13 Machinist | -8/Materials | Hacked P-60 Hacker | -7/Factory | Hacked Fabricated ------------ A-02 Transporter | x1 | -5/Factory | Preloaded Repaired ---------- Hardlight Generator | 10% | -8/Materials Lgt. Deuterium Engine | 8% | -8/Materials Lgt. Deuterium Engine | 10% | -8/Materials Transmission Jammer | 15% | -7/Factory Adv. Remote Datajack | 50% | -5/Factory Imp. Cooling System | 5% | -4/Factory Alien Tech Used ----------------- None Achievements -------------- None Challenges ------------ None Game ------ Seed GhostSpectralWartreads Manual? 0 Play Time 03:34:53 Cumulative 703.3 hours Start 2025.05.15 @ 17:59:10 End 2025.05.17 @ 07:53:30 Sessions 17 Manual Loads 0 Difficulty Rogue Special Mode None Game No. 371 Rogue 371 Adventurer 0 Explorer 0 Win Type - Total 57 Types 38/4/5/2/1/1/3/1/1/1 Lore% 92 Gallery% 84 Achievement% 91 Wizard Run 0 Options --------- Layout 0 ASCII 0 Keyboard 0 Movement Numpad Keybinds 0 Fullscreen 2 Font 18/SmallcapsGlow Map View 76x50 Zoom Use 0% Tactical HUD 1 Map Filters NONE Filters NONE Steam 1 RUN: f2b5baae-5fc4-44f7-940d-359a036a876b